 Dungeon Crawl Stone Soup version 0.23-a0-635-g88ca12a (webtiles) character file.

608 Genovi the Nimble (level 7, -5/35 HPs)
             Began as a Vine Stalker Fighter on Dec 27, 2018.
             Was a Follower of Wu Jian.
             Slain by a killer bee (6 damage)
             ... on level 4 of the Dungeon.
             The game lasted 00:12:46 (2871 turns).

Genovi the Nimble (Vine Stalker Fighter)            Turns: 2871, Time: 00:12:46

Health: -5/35      AC:  7    Str: 21    XL:     7   Next: 43%
Magic:  0/8        EV: 13    Int:  8    God:    Wu Jian [*.....]
Gold:   216        SH:  9    Dex: 13    Spells: 6/6 levels left

rFire    . . .     SeeInvis .   a - +1 war axe
rCold    . . .     Gourm    .   c - +0 shield
rNeg     . . .     Faith    .   b - +0 scale mail
rPois    .         Spirit   +   (no helmet)
rElec    .         Reflect  .   t - +0 cloak
rCorr    .         Harm     .   (no gloves)
MR       .....                  (no boots)
Stlth    ..........             (no amulet)
HPRegen  0.51/turn              (no ring)
MPRegen  0.11/turn              (no ring)

@: lethally poisoned (-5 -> -5)
A: fangs 2, regeneration 1, magic shield, antimagic bite, no potion heal 3, rot
immunity
a: Renounce Religion


You were on level 4 of the Dungeon.
You worshipped Wu Jian.
Wu Jian was aware of your devotion.
You were near starving.

You visited 1 branch of the dungeon, and saw 5 of its levels.

You collected 216 gold pieces.

Inventory:

Hand Weapons
 a - a +1 war axe (weapon)
 m - a +0 spear
 n - a +0 club
Armour
 b - a +0 scale mail (worn)
 c - a +0 shield (worn)
 g - a scarf of resistance
 t - a +0 cloak (worn)
Jewellery
 k - a +2 ring of intelligence {unknown}
Wands
 s - a wand of polymorph (13)
Scrolls
 i - a scroll of enchant weapon
 j - a scroll of remove curse {unknown}
 o - a scroll of enchant armour {unknown}
 q - 2 scrolls of fog {unknown}
Potions
 h - a potion of curing
 l - a potion of brilliance {unknown}
 p - a potion of heal wounds {unknown}
 r - a potion of flight {unknown}
Comestibles
 f - 7 rations


   Skills:
 - Level 2.6 Fighting
 - Level 1.7 Axes
 - Level 2.4 Armour
 + Level 11.1 Dodging
 - Level 2.6 Shields


You had 6 spell levels left.
You didn't know any spells.
Your spell library was empty.

Dungeon Overview and Level Annotations

Branches:
Dungeon (5/15)             Temple (0/1) D:4

Altars:
Ashenzari
Fedhas
Vehumet
Wu Jian


Innate Abilities, Weirdness & Mutations

You have extremely sharp teeth.
Your natural rate of healing is unusually fast.
When hurt, damage is shared between your health and your magic reserves.
Your bite disrupts and absorbs the magic of your enemies.
Potions cannot restore your health.
You are immune to rotting.


Message History

* * * LOW HITPOINT WARNING * * *
You barely miss the killer bee.
The killer bee is almost dead.
You feel sick. The killer bee completely misses you.
You block the killer bee's attack. The killer bee stings you.
* * * LOW HITPOINT WARNING * * *
You closely miss the killer bee. Your bite misses the killer bee.
The killer bee is almost dead.
The killer bee stings you but does no damage.
The killer bee completely misses you. You block the killer bee's attack.
Unknown command.
You closely miss the killer bee. Your bite misses the killer bee.
The killer bee is almost dead.
* * * LOW HITPOINT WARNING * * *
You feel sick. The killer bee stings you. The killer bee barely misses you. x2
Your shield and scale mail prevent you from hitting the killer bee.
Your bite misses the killer bee.
The killer bee is almost dead.
You feel sick. The killer bee stings you!
You die...

###..###.#
#..####............... #..# #.#
#..# #####...##.###.# #..###.#
#..###### #.#.##.###.# ##......#
#(......###'####.##... #.....###
#..####)#.....#.......
#.....#####..#...##.....##.#....
#..............#..#.....##.#....
#....)..###..#....'..>..##.##...
#........##..##@###.....##.##...
##.###...##..##y#.#.....##......
#.#.........##y#.#.....####.^..
#.......<...##.#.###+###.......
###.........##.#.#....>........
###...##..##...........##..#.
#.....................[..#.
######..####.###...####..#.
#..###...##.#.........


You could see 2 killer bees.

Vanquished Creatures
  An ogre (D:4)
  A killer bee (D:4)
  3 orc priests (D:4)
  A hound (D:4)
  A worker ant (D:4)
  4 gnolls
  5 adders
  An ooze (D:2)
  2 worms (D:4)
  3 leopard geckos
  10 orcs
  A ball python (D:4)
  6 bats
  6 giant cockroaches
  9 goblins
  9 hobgoblins
  A quokka (D:3)
  4 frilled lizards
  9 kobolds
  6 rats
83 creatures vanquished.

Notes
Turn   | Place    | Note
-------+----------+-------------------------------------------
     0 | D:1      | Genovi the Vine Stalker Fighter began the quest for the
                  | Orb.
     0 | D:1      | Reached XP level 1. HP: 11/11 MP: 2/2
   166 | D:1      | Reached skill level 1 in Dodging
   167 | D:1      | Reached XP level 2. HP: 12/16 MP: 1/3
   431 | D:1      | Reached skill level 2 in Dodging
   612 | D:2      | Reached XP level 3. HP: 19/19 MP: 4/4
   613 | D:2      | Found a shattered altar of Ashenzari.
   886 | D:2      | Gained mutation: Your natural rate of healing is unusually
                  | fast. [Vine Stalker growth]
   886 | D:2      | Reached XP level 4. HP: 23/23 MP: 5/5
  1045 | D:2      | Reached skill level 3 in Dodging
  1166 | D:3      | Found an ornate altar of the Wu Jian Council.
  1181 | D:3      | Became a worshipper of the Wu Jian Council
  1461 | D:3      | Reached XP level 5. HP: 23/27 MP: 6/6
  1721 | D:3      | Reached skill level 4 in Dodging
  1762 | D:3      | Found a radiant altar of Vehumet.
  2030 | D:4      | Reached * piety under Wu Jian
  2033 | D:4      | Reached skill level 10 in Dodging
  2033 | D:4      | Reached XP level 6. HP: 2/32 MP: 5/7
  2044 | D:4      | HP: 1/48 [orc priest/divine providence (10)]
  2073 | D:4      | Reached XP level 7. HP: 18/35 MP: 4/8
  2115 | D:4      | Reached skill level 11 in Dodging
  2166 | D:4      | Found a blossoming altar of Fedhas.
  2239 | D:4      | Found a staircase to the Ecumenical Temple.
  2654 | D:5      | Entered Level 5 of the Dungeon
  2868 | D:4      | HP: 1/35 [killer bee (1)]
  2871 | D:4      | Slain by a killer bee

Vault maps used:
D:1:      shiori_arrival_maze, minivault_23
D:2:      lemuel_crystal_altar, hangedman_decor_lopped
D:3:      corexii_shack_village, vehumet_crystals, old_standard_altar,
          first_ration
D:4:      lemuel_doored_altar, temple_green
D:5:      kennysheep_little_box, bloody_makhleb, enter_ossuary_1,
          hangedman_abyss_or_decor_stabs, uniq_crazy_yiuf_cottage

Skill      XL: |  1  2  3  4  5  6  7 |
---------------+----------------------+-----
Dodging        | 1 2 3 10 11 | 11.1
Fighting       | |  2.6
Axes           | |  1.7
Armour         | |  2.4
Shields        | |  2.6

Action                   |  1- 3 |  4- 6 |  7- 9 || total
-------------------------+-------+-------+-------++-------
Melee: War axe           |    80 |   107 |    53 ||   240
       Bite              |    15 |    23 |    13 ||    51
Invok: Lunge             |       |     3 |     2 ||     5
       Whirlwind         |       |     1 |       ||     1
  Use: Potion            |       |     6 |     1 ||     7
       Scroll            |       |     2 |     1 ||     3
  Eat: Chunk             |       |     3 |     2 ||     5
Armor: Scale mail        |    52 |    33 |    19 ||   104
       Skin              |       |    17 |       ||    17
Dodge: Dodged            |    32 |    46 |    47 ||   125
Block: Shield            |    50 |    70 |    44 ||   164

Table legend:
 A = Non-vault XP
 B = Vault XP
 C = Vault XP percentage of total XP
 D = Non-vault monster count
 E = Vault monster count
 F = Vault count percentage of total count
                 A         B        C        D         E       F
            +---------+---------+-------+---------+---------+-------
      Total |     630 |      31 |   4.7 |      69 |      14 |  16.9
            +---------+---------+-------+---------+---------+-------
        D:1 |      29 |       4 |  12.1 |      16 |       2 |  11.1
        D:2 |     100 |       0 |   0.0 |      21 |       0 |   0.0
        D:3 |      57 |      27 |  32.1 |      11 |      12 |  52.2
        D:4 |     444 |       0 |   0.0 |      21 |       0 |   0.0
            +---------+---------+-------+---------+---------+-------
